 Dungeon Crawl Stone Soup version 0.29.1-1-gd02db6906a (webtiles) character file.

Game seed: 14519151588761316755

8 lonewolfV2 the Magician (level 2, 0/21 HPs)
             Began as a Djinni Summoner on Oct 17, 2022.
             Slain by a quokka (2 damage)
             ... on level 1 of the Dungeon.
             The game lasted 00:01:01 (696 turns).

lonewolfV2 the Magician (Djinni Summoner)            Turns: 696, Time: 00:01:01

Health: 0/21       AC:  2    Str:  7    XL:     2   Next: 15%
Gold:   15         EV: 12    Int: 16    God:
                   SH:  0    Dex: 13

rFire   + + .      SeeInvis .   (no weapon)
rCold   x . .      Faith    .   (no shield)
rNeg    . . .      Spirit   .   a - +0 robe
rPois   ∞          Reflect  .   (no helmet)
rElec   .          Harm     .   (no cloak)
rCorr   .          Rampage  .   (no gloves)
Will    .....                   (boots unavailable)
Stlth   ++........              (no amulet)
HPRegen 0.07/turn               (no ring)
MPRegen 0.00/turn               (no ring)

@: flying
A: sickness immunity, fire resistance 2, cold vulnerability 1, float, innate
caster, HP casting, extra vitality 1
a: no special abilities


You were on level 1 of the Dungeon.
You visited 1 branch of the dungeon, and saw 1 of its levels.

You collected 15 gold pieces.

Inventory:

Armour
 a - a +0 robe (worn)
Jewellery
 d - a ring of resist corrosion
Scrolls
 b - a scroll of amnesia {unknown}
Potions
 c - a potion of haste {unknown}


   Skills:
 + Level 2.5 Dodging
 + Level 1.8 Stealth
 + Level 3.3 Spellcasting


You couldn't memorise any spells.
You knew the following spells:

 Your Spells              Type           Power      Damage    Failure   Level
a - Summon Small Mammal   Summ           52%        N/A       4%          1
b - Call Imp              Summ           13%        N/A       7%          2
c - Call Canine Familiar  Summ           13%        N/A       14%         3
d - Summon Guardian Gole  Hex/Summ       13%        N/A       14%         3
e - Summon Lightning Spi  Summ/Air       13%        N/A       41%         4
Your spell library was empty.

Dungeon Overview and Level Annotations

Branches:
Dungeon (1/15)

Altars:


Innate Abilities, Weirdness & Mutations

You are immune to sickness and miasma.
You are immune to poison.
Your flesh is very heat resistant. (rF++)
You are vulnerable to cold. (rC-)
You float through the air rather than walking.
You learn spells naturally, not from books.
Your magical power is your life essence.
You have superior vitality. (+4 MHP)


Message History

You swap places.
Your bat hits the quokka but does no damage.
Your bat hits the giant cockroach but does no damage.
You swap places.
The giant cockroach misses you.
Casting: Summon Small Mammal (safe; 4% risk of failure)
Confirm with . or Enter, or press ? or * to list all spells.
* * * LOW HITPOINT WARNING * * *
Your bat hits the quokka. The giant cockroach bites you.
* * * LOW HITPOINT WARNING * * *
The quokka barely misses you. The endoplasm hits you.
* * * LOW HITPOINT WARNING * * *
You swap places.
The giant cockroach bites your quokka but does no damage.
The quokka bites you.
* * * LOW HITPOINT WARNING * * *
Your quokka closely misses the quokka.
Your bat completely misses the quokka.
The endoplasm barely misses your quokka.
Your bat hits the quokka.
The giant cockroach bites your quokka but does no damage.
Your quokka closely misses the quokka.
The quokka bites you but does no damage.
The giant cockroach barely misses your quokka.
The hobgoblin barely misses your quokka.
The endoplasm hits your quokka but does no damage.
Your bat closely misses the quokka.
Your quokka barely misses the quokka.
The endoplasm barely misses your quokka.
The hobgoblin barely misses your quokka.
Your bat hits the giant cockroach but does no damage.
The giant cockroach barely misses your quokka.
Casting: Summon Small Mammal (safe; 4% risk of failure)
Confirm with . or Enter, or press ? or * to list all spells.
* * * LOW HITPOINT WARNING * * *
Your bat disappears in a puff of smoke!
The quokka closely misses you.
Your quokka completely misses the quokka.
The giant cockroach bites your quokka but does no damage.
The quokka bites you.
* * * LOW HITPOINT WARNING * * *
Your quokka barely misses the quokka.
The quokka bites you.
You die...

#...................
###...................
#........###..........
#........# #......####
#........####........
#..gBJ....# #........
#...r.....# #........
#...r.....# #........
#!.r.@....# #........
#.........###........
#....................
#............(........
#.....................
#...#######...#########
#... #...# #.
###########...### ####.
#...........# #....


You could see an endoplasm, a quokka (ally target), a giant cockroach, a
hobgoblin, a friendly quokka (summoned) and a friendly rat (summoned).

Vanquished Creatures (collateral kills)
  A ball python (D:1)
  An endoplasm (D:1)
  A giant cockroach (D:1)
  A hobgoblin (D:1)
  A quokka (D:1)
  2 rats (D:1)
7 creatures vanquished.

Notes
Turn   | Place    | Note
-------+----------+-------------------------------------------
     0 | D:1      | lonewolfV2 the Djinni Summoner began the quest for the Orb.
     0 | D:1      | lonewolfV2 set off with the following spells memorised:
                  | Summon Small Mammal, Call Imp, Call Canine Familiar, Summon
                  | Guardian Golem, Summon Lightning Spire.
     0 | D:1      | Reached XP level 1. HP: 15/15 MP: 0/0
   255 | D:1      | Reached XP level 2. HP: 19/21 MP: 0/0
   696 | D:1      | Slain by a quokka

Illustrated notes

Levels and vault maps discovered:
D:1:      psy_arrival_basics, layout_basic, shapermc_ecumenical_altar_pompeii

Action                   || total
-------------------------++-------
 Cast: Summon Small Mamm ||    21
Armor: Robe              ||     2
Dodge: Dodged            ||    24
